 Seeded DCSS version 0.30-a0-34-gbe8da3892a (webtiles) character file.

Game seed: 7243117139357840623 (custom seed)

1 flotson the Sneak (level 1, -4/18 HPs)
             Began as a Demonspawn Delver on Aug 27, 2022.
             Slain by an iguana (5 damage)
             ... on level 3 of the Dungeon.
             The game lasted 00:00:28 (179 turns).

flotson the Sneak (Demonspawn Delver)                Turns: 179, Time: 00:00:28

Health: -4/18      AC:  3    Str: 12    XL:     1   Next: 16%
Magic:  1/1        EV: 11    Int: 11    God:
Gold:   12         SH:  0    Dex: 14    Spells: 0/0 levels left

rFire   . . .      SeeInvis .    a - +0 hand axe
rCold   . . .      Faith    .    (no shield)
rNeg    . . .      Spirit   .    b - +0 leather armour
rPois   .          Reflect  .    (no helmet)
rElec   .          Harm     .    (no cloak)
rCorr   .          Rampage  .    (no gloves)
Will    .....                    (no boots)
Stlth   ++........               (no amulet)
HPRegen 0.06/turn                (no ring)
MPRegen 0.07/turn                (no ring)

@: hasted, very quick
A: no striking features
a: no special abilities


You were on level 3 of the Dungeon.
You visited 1 branch of the dungeon, and saw 3 of its levels.

You collected 12 gold pieces.

Inventory:

Hand Weapons
 a - a +0 hand axe (weapon)
Armour
 b - a +0 leather armour (worn)
Wands
 g - a wand of digging (3)
Scrolls
 c - a scroll of fog
 d - a scroll of magic mapping
 e - a scroll of fear


   Skills:
 + Level 3.0 Fighting
 + Level 1.7 Axes
 + Level 0.0 Throwing
 + Level 0.0 Armour
 + Level 1.8 Dodging
 - Level 4.5 Stealth
 + Level 0.0 Evocations


You couldn't memorise any spells.
You didn't know any spells.
Your spell library was empty.

Dungeon Overview and Level Annotations

Branches:
Dungeon (5/15)
 Temple: D:4-7

Altars:

Shops:
D:3 (


Message History

An iguana comes into view.
The iguana hisses angrily.
Throw: 3 darts (poison)
Press: ? - help, Q - select action Shift-Dir - straight line, f - iguana
Aim: an iguana (63% to hit)
You throw a poisoned dart.
The poisoned dart barely misses the iguana.
Throw: 2 darts (poison)
Press: ? - help, Q - select action Shift-Dir - straight line, f/p - iguana
Aim: an iguana (63% to hit)
You throw a poisoned dart.
The poisoned dart closely misses the iguana.
Throw: dart (poison)
Press: ? - help, Q - select action Shift-Dir - straight line, f/p - iguana
Aim: an iguana (63% to hit)
You throw a poisoned dart. The poisoned dart hits the iguana.
The iguana is poisoned.
You feel yourself speed up.
You barely miss the iguana.
The iguana is lightly wounded.
The iguana bites you.
You hit the iguana.
The iguana is moderately wounded.
You hit the iguana.
The iguana is moderately wounded.
The iguana barely misses you.
You hit the iguana but do no damage.
The iguana is moderately wounded.
The iguana bites you!
Ouch! That really hurt!
* * * LOW HITPOINT WARNING * * *
You hit the iguana.
The iguana is heavily wounded.
The iguana misses you.
You hit the iguana but do no damage.
The iguana is heavily wounded.
The iguana looks more healthy.
The iguana hisses menacingly.
The iguana bites you.
You die...

#.#######.......##
#.........#>.....#
#................#
#.################
#.................
#..###############
#..# #..###.#
#@.....# #l######
#... #.... #.(...
#...... #.......
#...(....


You could see an iguana.

Vanquished Creatures
  A quokka (D:3)
1 creature vanquished.

Notes
Turn   | Place    | Note
-------+----------+-------------------------------------------
     0 | D:5      | flotson the Demonspawn Delver began the quest for the Orb.
     0 | D:5      | Reached XP level 1. HP: 18/18 MP: 1/1
    31 | D:5      | Noticed an iguana
    32 | D:5      | Noticed a hound
    47 | D:3      | Found Ijympa Pie's Antique Weapon Emporium.
   168 | D:3      | Noticed an iguana
   179 | D:3      | Slain by an iguana

Illustrated notes

Levels and vault maps discovered:
D:3:      layout_basic, grunt_temple_overflow_open, serial_shops,
          nicolae_shop_crystal, nicolae_shop_hallway_plus, shop,
          kennysheep_generic_room_7
D:4:      layout_cave_pools, minmay_temple_entry_junction_2, minivault_5,
          corexii_leaking_fountain, corner_web_ring, dreamdust_mushroom_princess
D:5:      layout_cave_pods, gammafunk_ghost_split, doesnt_shop_hydraphobe,
          uniq_menkaure

Action                   || total
-------------------------++-------
Melee: Hand axe          ||     8
Throw: Dart              ||     3
  Use: Potion            ||     1
Armor: Leather armour    ||     1
Dodge: Dodged            ||     2

Table legend: (Time is in decaauts)
 A = Elapsed time spent in this place.
 B = Non-inter-level travel time spent in this place.
 C = Inter-level travel time spent in this place.
 D = Time resting spent in this place.
 E = Time spent auto-exploring this place.
 F = Levels seen in this place.
 G = Mean time per level.
                   A        B        C        D        E       F      G
               +--------+--------+--------+--------+--------+-----+--------+
         Total |    177 |    177 |      0 |      0 |    137 |   3 |   59.0 |
       Dungeon |    177 |    177 |      0 |      0 |    137 |   3 |   59.0 |
               +--------+--------+--------+--------+--------+-----+--------+

Top non-repeatable levels by time:
     D:3: 131 daAuts
     D:5: 35 daAuts
     D:4: 11 daAuts
